 Dungeon Crawl Stone Soup version 0.24-a0-584-g9d6b971ae4 (webtiles) character file.

Game seed: 8307634696323280390, levelgen mode: deterministic

471 Mithandil the Skirmisher (level 6, -5/50 HPs)
             Began as a Demonspawn Abyssal Knight on Sept 5, 2019.
             Was a Believer of Lugonu.
             Slain by a mummy (15 damage)
             ... in an ossuary.
             The game lasted 00:20:01 (2674 turns).

Mithandil the Skirmisher (DsAK)                     Turns: 2674, Time: 00:20:02

Health: -5/50      AC:  8    Str: 15    XL:     6   Next: 83%
Magic:  9/9        EV: 11    Int: 13    God:    Lugonu [**....]
Gold:   95         SH:  4    Dex: 12    Spells: 5/5 levels left

rFire    . . .     SeeInvis .   b - +1 spear
rCold    . . .     Gourm    .   t - +0 buckler
rNeg     . . .     Faith    .   k - +0 ring mail
rPois    .         Spirit   .   o - +0 helmet
rElec    .         Reflect  .   f - +0 cloak
rCorr    .         Harm     .   (no gloves)
MR       .....                  (no boots)
Stlth    +.........             r - amulet of magic regeneration
HPRegen  0.16/turn              (no ring)
MPRegen  0.36/turn              (no ring)

@: no status effects
A: rugged brown scales 1, demonic guardian 1, powered by pain 2
a: Depart the Abyss, Bend Space, Renounce Religion


You were in an ossuary.
You worshipped Lugonu.
Lugonu was pleased with you.
You were not hungry.

You visited 1 branch of the dungeon, and saw 4 of its levels.
You visited the Abyss 1 time.
You also visited: Ossuary.

You collected 95 gold pieces.

Inventory:

Hand Weapons
 a - a +3 dagger of speed
 b - a +1 spear (weapon)
 j - a +1 dagger of protection
Missiles
 d - 41 bolts
 h - 7 boomerangs (quivered)
 i - 43 stones
 m - 16 sling bullets
 u - 11 poisoned darts
Armour
 f - a +0 cloak (worn)
 k - a +0 ring mail (worn)
 o - a +0 helmet (worn)
 q - a +2 robe
 t - a +0 buckler (worn)
Jewellery
 g - an uncursed ring of flight {unknown}
 r - an amulet of magic regeneration (around neck)
Scrolls
 e - 2 scrolls of teleportation
 n - a scroll of immolation
 v - a scroll of identify
Potions
 s - 2 potions of curing
Comestibles
 c - 6 rations


   Skills:
 * Level 4.5 Fighting
 + Level 1.6 Short Blades
 + Level 2.0 Polearms
 + Level 2.7 Armour
 + Level 2.1 Dodging
 + Level 1.9 Stealth
 * Level 2.1 Shields
 - Level 1.0 Unarmed Combat
 + Level 4.2 Invocations


You had 5 spell levels left.
You didn't know any spells.
Your spell library was empty.

Dungeon Overview and Level Annotations

Branches:
Dungeon (4/15)            Ossuary (1/1)
 Temple: D:4-7

Altars:


Innate Abilities, Weirdness & Mutations

You are partially covered in rugged brown scales. (AC +1, +3% HP)
A weak demonic guardian rushes to your aid.
You sometimes gain power by taking damage.


Message History

There is an open door here.
You enter the shallow water.
Moving in this stuff is going to be slow.
Attack whom?
Press: ? - help, Dir - move target cursor, f/p - mummy
Aim: a mummy (heavily damaged)
You reach to attack!
You hit the mummy.
The mummy is severely damaged.
Attack whom?
Press: ? - help, Dir - move target cursor, f/p - mummy
Aim: a mummy (severely damaged)
You barely miss the mummy.
The mummy is severely damaged.
Attack whom?
Press: ? - help, Dir - move target cursor, f/p - mummy
Aim: a mummy (severely damaged)
You hit the mummy but do no damage.
The mummy is severely damaged.
The mummy hits you!
You die...

#'# ..' #.# #.' ###
#.# # + #.# #.+
#≈≈≈#.#####'#####.#
#≈≈P≈≈≈≈≈@M≈......+
#≈≈≈≈.#####'#####.###
≈≈≈.. #.#∩..#.'.#
≈#≈≈ ###.∩.#.### #≈
#.#...#.'.# #
#.##'##'##'##.###
+≈............'.#
#+#'#'#'#'#'#'### #
#.#.#.#.#


You could see a mummy.

Vanquished Creatures
  2 bullfrog zombies (Ossuary)
  A killer bee zombie (Ossuary)
  A hound zombie (Ossuary)
  6 mummies (Ossuary)
  A worker ant zombie (Ossuary)
  A howler monkey zombie (Ossuary)
  4 adders
  An adder skeleton (D:4)
  2 adder zombies (Ossuary)
  A dart slug (D:1)
  A leopard gecko (D:1)
  An orc (D:3)
  A giant cockroach (D:2)
  7 goblins
  6 hobgoblins
  4 jackals (D:2)
  7 kobolds
  A quokka (D:2)
  A ball python (D:1)
  6 bats
  3 frilled lizards (D:2)
  A giant cockroach zombie (Ossuary)
  2 quokka zombies (Ossuary)
  6 rats
67 creatures vanquished.

Vanquished Creatures (collateral kills)
  4 bullfrog zombies (Ossuary)
  A centaur zombie (Ossuary)
  A jelly (D:3)
  Jessica (D:3)
  A killer bee zombie (Ossuary)
  A mummy (Ossuary)
9 creatures vanquished.

Vanquished Creatures (others)
  3 withered plants (Ossuary)
3 creatures vanquished.

Grand Total: 79 creatures vanquished

Notes
Turn   | Place    | Note
-------+----------+-------------------------------------------
     0 | Abyss:1  | Mithandil the Demonspawn Abyssal Knight began the quest for
                  | the Orb.
     0 | Abyss:1  | Reached XP level 1. HP: 18/18 MP: 2/2
    36 | Abyss:1  | Noticed a ynoxinul
    37 | D:1      | Escaped the Abyss
   217 | D:1      | Reached skill level 1 in Dodging
   262 | D:1      | Gained mutation: A weak demonic guardian rushes to your
                  | aid. [demonic ancestry]
   262 | D:1      | Reached XP level 2. HP: 22/24 MP: 3/3
   405 | D:1      | Reached * piety under Lugonu
   558 | D:2      | Gained mutation: You sometimes gain a little power by
                  | taking damage. [demonic ancestry]
   558 | D:2      | Reached XP level 3. HP: 21/29 MP: 5/5
  1240 | D:3      | Noticed Jessica
  1253 | D:3      | Killed Jessica
  1253 | D:3      | Reached skill level 1 in Stealth
  1253 | D:3      | Reached XP level 4. HP: 33/37 MP: 6/6
  1262 | D:3      | Reached skill level 1 in Unarmed Combat
  1572 | D:2      | Reached ** piety under Lugonu
  1830 | D:3      | Reached skill level 1 in Short Blades
  2072 | D:4      | Noticed an ogre
  2073 | D:4      | Found a sand-covered staircase.
  2079 | Ossuary  | Entered an ossuary
  2101 | Ossuary  | Gained mutation: You are partially covered in rugged brown
                  | scales. (AC +1, +3% HP) [demonic ancestry]
  2101 | Ossuary  | Reached XP level 5. HP: 14/43 MP: 7/7
  2179 | Ossuary  | Reached skill level 1 in Shields
  2191 | Ossuary  | Gained mutation: You sometimes gain power by taking damage.
                  | [demonic ancestry]
  2191 | Ossuary  | Reached XP level 6. HP: 12/49 MP: 8/8
  2674 | Ossuary  | Slain by a mummy

Levels and vault maps discovered:
D:1:      wheals_arrival_shading, layout_rooms, due_unseen_surprise
D:2:      layout_basic
D:3:      layout_loops_ring, chequers_ecumenical_altar_twisty, first_ration,
          xom_teletrap_fun, uniq_robin, uniq_jessica
D:4:      layout_basic, led_sif_pool, enter_ossuary_1
Ossuary:  ossuary_zaba_flooded

Skill      XL: |  1  2  3  4  5  6 |
---------------+-------------------+-----
Dodging        | 1 2 |  2.1
Polearms       | 2 |  2.0
Armour         | 2 |  2.7
Invocations    | 3 4 |  4.2
Stealth        | 1 |  1.9
Unarmed Combat | 1 |  1.0
Short Blades   | 1 |  1.6
Fighting       | 4 |  4.5
Shields        | 1 2 |  2.1

Action                   |  1- 3 |  4- 6 || total
-------------------------+-------+-------++-------
Melee: Spear             |    26 |   134 ||   160
       Dagger            |   139 |   116 ||   255
Invok: Depart the Abyss  |     1 |       ||     1
  Use: Potion            |     2 |     6 ||     8
       Scroll            |     1 |     7 ||     8
 Stab: Sleeping          |       |     1 ||     1
       Distracted        |       |     2 ||     2
  Eat: Chunk             |     1 |     2 ||     3
       Ration            |       |     1 ||     1
Armor: Leather armour    |     1 |       ||     1
       Ring mail         |    51 |    74 ||   125
Dodge: Dodged            |    77 |    85 ||   162
Block: Buckler           |       |    20 ||    20

Table legend:
 A = Non-vault XP
 B = Vault XP
 C = Vault XP percentage of total XP
 D = Non-vault monster count
 E = Vault monster count
 F = Vault count percentage of total count
                 A         B        C        D         E       F
            +---------+---------+-------+---------+---------+-------
      Total |     163 |     510 |  75.8 |      51 |      25 |  32.9
            +---------+---------+-------+---------+---------+-------
        D:1 |      37 |       0 |   0.0 |      23 |       0 |   0.0
        D:2 |      67 |       0 |   0.0 |      20 |       0 |   0.0
        D:3 |      41 |      22 |  34.9 |       6 |       1 |  14.3
        D:4 |      18 |       0 |   0.0 |       2 |       0 |   0.0
    Ossuary |       0 |     488 | 100.0 |       0 |      24 | 100.0
            +---------+---------+-------+---------+---------+-------
